 Dungeon Crawl Stone Soup version 0.32-a0-913-g739538afd8 (webtiles) character file.

Game seed: 1272085493364736424

6958 Fodor the Cleaver (level 10, -5/139 HPs)
             Began as a Minotaur Fighter on Apr 9, 2024.
             Was an Initiate of Gozag.
             Slain by a cane toad (7 damage)
             ... on level 10 of the Dungeon.
             The game lasted 00:23:01 (9277 turns).

Fodor the Cleaver (Minotaur Fighter)                Turns: 9277, Time: 00:23:02

Health: -5/139     AC: 25    Str: 26    XL:     10   Next: 81%
Magic:  0/9        EV:  2    Int:  5    God:    Gozag
Gold:   1014       SH:  0    Dex:  9    Spells: 9/9 levels left

rFire   . . .        w - +4 battleaxe (venom)
rCold   . . .        (shield currently unavailable)
rNeg    . . .        t - melded +0 chain mail
rPois   +            (helmet currently unavailable)
rElec   .            (cloak currently unavailable)
rCorr   +            (gloves currently unavailable)
SInv    .            (boots currently unavailable)
Will    .....        b - amulet of guardian spirit
Stlth   +            u - +5 ring of evasion
HPRegen 0.43/turn    A - ring of resist corrosion
MPRegen 0.11/turn

%: guardian spirit
@: brilliant, lethally poisoned (-5 -> -7), tree-form, attractive, hasted,
invisible, very quick
A: stationary, stasis, torment immunity, boosted hp, (horns 2), (retaliatory
headbutt)
a: Renounce Religion, Potion Petition, Call Merchant, Bribe Branch


You were on level 10 of the Dungeon.
You worshipped Gozag.
Gozag was most pleased with you.
You were a tree.
You visited 2 branches of the dungeon, and saw 11 of its levels.

You collected 1068 gold pieces.
You paid 54 gold pieces to Gozag.

Inventory:

Hand Weapons
 a - the +0 shortbow of the Lame Duck {drain, rC- rCorr Str+3 Int+3 Stlth+}
   (You took it off an orc on level 8 of the Dungeon)

   Str+3:     It affects your strength (+3).
   Int+3:     It affects your intelligence (+3).
   rC-:       It makes you vulnerable to cold.
   rCorr:     It protects you from acid and corrosion.
   Stlth+:    It makes you more stealthy.
 p - a +2 orcbow of flaming
 w - a +4 battleaxe of venom (weapon)
Armour
 c - a +0 buckler
 q - a +0 pair of boots
 t - a +0 chain mail (melded)
Jewellery
 b - an amulet of guardian spirit (around neck)
 u - a +5 ring of evasion (left branch)
 A - a ring of resist corrosion (right branch)
Talismans
 o - a blade talisman
 x - a beast talisman (active)
Wands
 f - a wand of polymorph (6)
 C - a wand of paralysis (19)
 F - a wand of iceblast (8)
 G - a wand of digging (7)
Scrolls
 i - a scroll of poison
 k - 3 scrolls of teleportation
 m - 5 scrolls of noise
 n - a scroll of fear
 s - 3 scrolls of vulnerability
 y - a scroll of silence
 D - a scroll of immolation
Potions
 d - 3 potions of might
 h - a potion of lignification
 l - 2 potions of cancellation
 r - a potion of haste
 z - 4 potions of enlightenment {unknown}
 B - a potion of brilliance
 E - 3 potions of curing {unknown}


   Skills:
 + Level 10.0 Fighting
 + Level 13.1 Axes
 + Level 1.0 Ranged Weapons
 + Level 8.9 Armour
 + Level 5.3 Dodging
 + Level 1.5 Stealth
 + Level 6.4 Shields
 + Level 0.6 Shapeshifting


You had 9 spell levels left.
You didn't know any spells.
Your spell library contained the following spells:

 Spells                   Type           Power      Damage    Failure   Level
 Sting                    Conj/Alch      0%         1d3       47%         1
 Mercury Vapours          Alch/Air       0%         N/A       63%         2
 Olgreb's Toxic Radiance  Alch           0%         N/A       99%         4


Dungeon Overview and Level Annotations

Branches:
Dungeon (10/15)            Temple (1/1) D:5
   Lair: D:8-11         Orc: D:9-12

Altars:
Ashenzari
Cheibriados
Dithmenos
Elyvilon
Fedhas
Gozag
Hepliaklqana
Kikubaaqudgha
Makhleb
Nemelex Xobeh
Okawaru
Qazlal
Ru
Sif Muna
Uskayaw
Vehumet
Xom
Yredelemnul
Zin
The Shining One

Shops:
D:6 =   D:8 =

Annotations:
D:9 2 transporters


Innate Abilities, Weirdness & Mutations

You are a tree.
Your roots penetrate the ground, keeping you stationary.
You cannot be teleported.
You are immune to unholy pain and torment.
Your maximum health is greatly increased.
Your equipment is partially melded.
((You have a pair of horns on your head.))
((You reflexively headbutt those who attack you in melee.))


Message History

* * * LOW HITPOINT WARNING * * *
You feel very sick.
* * * LOW HITPOINT WARNING * * *
You feel very sick. Something barely misses you.
There is an open door here.
It was a potion of lignification.
Your transformation has ended.
You turn into a tree.
Your +0 chain mail melds into your body.
Your roots penetrate the ground.
You feel sick.
The gnoll hits you from afar with a +0 spear.
* * * LOW HITPOINT WARNING * * *
It was a potion of attraction.
You feel attractive to monsters.
You feel sick.
The gnoll hits you but does no damage. x3
The gnoll is attracted toward you. The cane toad is attracted toward you.
It was a potion of magic.
Magic courses through your body.
You feel sick.
The gnoll hits you but does no damage. x3
The gnoll sergeant is attracted toward you.
It was a potion of invisibility.
You fade into invisibility!
You feel sick.
The gnoll sergeant hits you from afar with a +2 spear of venom.
* * * LOW HITPOINT WARNING * * *
The gnoll hits you but does no damage. x2; The gnoll barely misses you.
It was a potion of brilliance.
You feel clever all of a sudden.
You feel sick.
The gnoll sergeant hits you from afar with a +2 spear of venom.
* * * LOW HITPOINT WARNING * * *
The gnoll hits you from afar with a +0 spear.
* * * LOW HITPOINT WARNING * * *
The gnoll hits you but does no damage.
It was a potion of haste.
You feel yourself speed up.
You feel sick.
The gnoll sergeant hits you from afar with a +2 spear of venom.
* * * LOW HITPOINT WARNING * * *
The gnoll hits you but does no damage. The cane toad stings you!
You die...
Your body crumbles into a pile of gold.

#...............#.# #..#
#............$..#.#####...
+........####+###.........
#...##...#.......###'#....
#...##...#..####.#...+..##
#...##...#..####.#...#..#
#......gg#.......#...#..#
#......gF#.......+...#..#
#.......g♣.......#)..#..##
#...##...#.......#####....
#...##...#.......# #####
#...##...#.#####.#
#...##...#.......#
#...##...#.......#
##+#######.......#########
.......................
.......................


You could see a cane toad (unable to see you), a gnoll sergeant (unable to see
you) and 3 gnolls.

Vanquished Creatures
  A centaur warrior (D:8)
  A two-headed ogre (D:8)
  A manticore (D:8)
  Maurice (D:9)
  2 kobold demonologists
  Psyche (D:8)
  Prince Ribbit (D:6)
  A hornet (D:8)
  A wyvern (D:8)
  Duvessa (D:7)
  2 ice beasts
  4 black bears
  A sky beast (D:7)
  4 centaurs
  2 phantoms
  3 kobold brigands (D:8)
  4 bullfrogs
  A scorpion (D:7)
  A water moccasin zombie (D:4)
  9 wights (D:8)
  A water moccasin skeleton (D:4)
  Dowan (D:7)
  2 howler monkeys (D:9)
  A bullfrog zombie (D:4)
  A jelly (D:5)
  9 hounds
  6 orc priests
  A bullfrog skeleton (D:4)
  2 gnoll boudas
  A sleepcap (D:5)
  3 iguanas
  7 orc wizards
  3 scorpion zombies
  4 hound zombies
  Robin (D:3)
  7 gnolls
  8 adders
  2 shadow imps
  4 white imps
  4 ufetubi (D:6)
  An adder skeleton (D:4)
  An adder zombie (D:4)
  3 dart slugs
  24 orcs
  4 bats
  7 endoplasms
  5 giant cockroaches (D:1)
  11 goblins
  11 hobgoblins
  2 jackals (D:3)
  2 quokkas
  5 ball pythons
  3 frilled lizards
  10 kobolds
  A quokka zombie (D:4)
  6 rats
206 creatures vanquished.

Notes
Turn   | Place    | Note
-------+----------+-------------------------------------------
     0 | D:1      | Fodor the Minotaur Fighter began the quest for the Orb.
     0 | D:1      | Reached XP level 1. HP: 19/19 MP: 0/0
   215 | D:1      | Reached XP level 2. HP: 24/27 MP: 1/1
   405 | D:1      | Reached XP level 3. HP: 33/33 MP: 2/2
   921 | D:2      | Found a glowing golden altar of the Shining One.
   940 | D:2      | Reached skill level 3 in Axes
  1321 | D:2      | Reached XP level 4. HP: 40/40 MP: 3/3
  1552 | D:3      | Noticed Robin
  1569 | D:3      | Killed Robin
  1570 | D:3      | Reached skill level 1 in Dodging
  2161 | D:4      | Reached skill level 5 in Fighting
  2161 | D:4      | Reached XP level 5. HP: 42/48 MP: 4/4
  2199 | D:4      | Reached skill level 4 in Axes
  2214 | D:4      | Noticed a black bear
  2237 | D:4      | Killed a black bear
  2238 | D:4      | Reached XP level 6. HP: 53/56 MP: 5/5
  2305 | D:4      | Reached skill level 5 in Axes
  2348 | D:4      | Found a snail-covered altar of Cheibriados.
  2513 | D:4      | Found a sparkling altar of Nemelex Xobeh.
  2567 | D:4      | Found a glowing silver altar of Zin.
  2567 | D:4      | Found a glowing golden altar of the Shining One.
  2568 | D:4      | Found a white marble altar of Elyvilon.
  2630 | D:4      | Reached XP level 7. HP: 57/61 MP: 6/6
  2765 | D:4      | Reached skill level 6 in Axes
  2765 | D:4      | Reached skill level 5 in Armour
  3000 | D:5      | Entered Level 5 of the Dungeon
  3039 | D:5      | Reached skill level 5 in Shields
  3216 | D:5      | Reached skill level 7 in Axes
  3505 | D:5      | Reached XP level 8. HP: 70/70 MP: 7/7
  3542 | D:5      | Found a basalt altar of Yredelemnul.
  3663 | D:5      | Found a staircase to the Ecumenical Temple.
  3669 | Temple   | Entered the Ecumenical Temple
  3678 | Temple   | Became a worshipper of Gozag Ym Sagoz the Greedy
  4710 | D:6      | Reached skill level 8 in Axes
  5029 | D:6      | Noticed Prince Ribbit
  5055 | D:6      | Killed Prince Ribbit
  5296 | D:6      | Found Cafaluf's Jewellery Emporium.
  5516 | D:7      | Reached skill level 1 in Stealth
  5516 | D:7      | Reached XP level 9. HP: 81/81 MP: 8/8
  5555 | D:7      | Identified the +0 ring mail of Vlad {Will++}
  5793 | D:7      | Reached skill level 9 in Axes
  5795 | D:7      | Found a shadowy altar of Dithmenos.
  6001 | D:7      | Found a hazy altar of Hepliaklqana.
  6064 | D:7      | Noticed Duvessa
  6065 | D:7      | Noticed Dowan
  6074 | D:7      | Killed Duvessa
  6080 | D:7      | Killed Dowan
  6904 | D:8      | Reached skill level 10 in Axes
  6908 | D:8      | Noticed a manticore
  6908 | D:8      | Noticed a centaur warrior
  6911 | D:8      | Noticed a two-headed ogre
  6912 | D:8      | Killed a manticore
  6915 | D:8      | Killed a centaur warrior
  6916 | D:8      | Reached skill level 11 in Axes
  6916 | D:8      | Reached XP level 10. HP: 85/91 MP: 9/9
  6917 | D:8      | Identified the +0 shortbow of the Lame Duck {drain, rC-
                  | rCorr Str+3 Int+3 Stlth+}
  6925 | D:8      | Found Ude Gian's Jewellery Boutique.
  6925 | D:8      | Noticed Psyche
  6926 | D:8      | Killed a two-headed ogre
  6927 | D:8      | Reached skill level 5 in Dodging
  6933 | D:8      | Killed Psyche
  7405 | D:8      | Reached skill level 12 in Axes
  8397 | D:9      | Noticed Maurice
  8410 | D:9      | Killed Maurice
  8411 | D:9      | Reached skill level 10 in Fighting
  8411 | D:9      | Reached skill level 1 in Ranged Weapons
  8470 | D:9      | Found a transporter.
  8471 | D:9      | Noticed a cyclops
  8472 | D:9      | Noticed a wolf spider
  8473 | D:9      | Found a broken altar of Ashenzari.
  8488 | D:9      | Found a transporter.
  8617 | D:9      | Reached skill level 13 in Axes
  8747 | D:9      | Found a shimmering blue altar of Sif Muna.
  8851 | D:9      | Found a sacrificial altar of Ru.
  9168 | D:10     | Entered Level 10 of the Dungeon
  9261 | D:10     | Noticed a cane toad
  9276 | D:10     | HP: 4/139 [gnoll sergeant/+2 spear of venom (3)]
  9277 | D:10     | Slain by a cane toad

Illustrated notes

Levels and vault maps discovered:
D:1:      lightli_arrival_isolated_outpost, layout_basic,
          minmay_worlds_worst_comb
D:2:      layout_basic, basic_altar, minivault_19
D:3:      layout_loops_cross, uniq_robin
D:4:      layout_loops_ring, good_gods_temple_1, overflow_temple_1_default,
          kennysheep_mini_moat, serial_undead, serial_undead_d, serial_undead_b,
          serial_undead_e, serial_undead_d, nicolae_figureground_sparkle
D:5:      layout_loops_ring, lemuel_zombie_altar_yredelemnul, temple_green,
          serial_aquarium, aquarium_bridge_square [aquarium_subvault_wall,
          aquarium_subvault_bridge, aquarium_subvault_bridge,
          aquarium_subvault_window], aquarium_window_3, aquarium_window_1,
          aquarium_window_2, aquarium_view_2e
D:6:      layout_basic, nicolae_overflow_hidden_temple, grunt_ministairs_14,
          minmay_shop_enchanted_jewellery, serial_library_hellmonk_statue_hall,
          hangedman_decor_points, uniq_prince_ribbit1
D:7:      layout_cave_pods, worldfamousw_hep_ancestral_shrine,
          mainiacjoe_overflow_boulevard, uniq_duvessa
D:8:      layout_loops_cross, serial_shops, nicolae_shop_crystal,
          nicolae_doodle_vault, uniq_psyche
D:9:      layout_loops_corners, gammafunk_temple_overflow_arena,
          mainiacjoe_overflow_alcove_1, mainiacjoe_overflow_brackets,
          uniq_maurice
D:10:     layout_stronghold, mainiacjoe_overflow_tiny_flanked,
          dpeg_lair_monsters, serial_shops, nicolae_square_shop,
          kennysheep_generic_room_7
Temple:   nicolae_temple_ecumenical_triangle

Skill      XL: |  1  2  3  4  5  6  7  8  9 10 |
---------------+-------------------------------+-----
Armour         | 4 5 6 8 |  8.9
Shields        | 4 5 6 |  6.4
Fighting       | 4 5 6 8 9 10 | 10.0
Axes           | 3 4 5 7 8 11 13 | 13.1
Dodging        | 1 2 3 4 5 |  5.3
Stealth        | 1 |  1.5
Ranged Weapons | 1 |  1.0
Shapeshifting  | |  0.6

Action                     |  1- 3 |  4- 6 |  7- 9 | 10-12 || total
---------------------------+-------+-------+-------+-------++-------
  Melee: War axe           |    73 |   111 |   211 |       ||   395
         Headbutt          |     7 |    22 |    43 |    15 ||    87
         Battleaxe         |       |       |     9 |    98 ||   107
   Fire: Shortbow          |       |       |       |     3 ||     3
         Orcbow            |       |       |       |     3 ||     3
    Use: Scroll            |       |       |     8 |     5 ||    13
         Potion            |       |       |       |     6 ||     6
 Armour: Scale mail        |    53 |   104 |   134 |    61 ||   352
         Skin              |       |       |       |    16 ||    16
         Chain mail        |       |       |       |    14 ||    14
  Dodge: Dodged            |    39 |    65 |   168 |    75 ||   347
  Block: Buckler           |    15 |    29 |    57 |       ||   101
   Form: Beast             |       |       |     1 |     1 ||     2
                           |       |       |     1 |       ||     1

Table legend: (Time is in decaauts)
 A = Elapsed time spent in this place.
 B = Non-inter-level travel time spent in this place.
 C = Inter-level travel time spent in this place.
 D = Time resting spent in this place.
 E = Time spent auto-exploring this place.
 F = Levels seen in this place.
 G = Mean time per level.
                   A        B        C        D        E       F      G
               +--------+--------+--------+--------+--------+-----+--------+
         Total |   9385 |   9136 |    249 |   1051 |   5801 |  11 |  853.2 |
       Dungeon |   8970 |   8721 |    249 |    651 |   5801 |  10 |  897.0 |
        Temple |    414 |    414 |      0 |    400 |      0 |   1 |  414.0 |
               +--------+--------+--------+--------+--------+-----+--------+

Top non-repeatable levels by time:
     D:8: 1621 daAuts
     D:6: 1083 daAuts
     D:9: 1033 daAuts
     D:5: 1027 daAuts
     D:7: 1020 daAuts
     D:4: 895 daAuts
     D:1: 832 daAuts
     D:2: 743 daAuts
     D:3: 604 daAuts
  Temple: 414 daAuts
    D:10: 108 daAuts
